Map: Ultralove

Players

Bigeeet

  • Race: Terran Terran
  • Spawn Location: 7:00

llllllllllll - Winner!

  • Race: Zerg Zerg
  • League: Bronze
  • Spawn Location: 1:00

VOD

Have the link to the VOD?

Description

Time

  • Played on: April 24, 2025, 7:57 a.m.
  • Length: 4:08
Show
View Real Time Build Order
Export as new Build Order

Bigeeet Terran 

Build Orders:  

Get SALT Encoding   

  12  0:01  SCV  
  13  0:13  SCV  
  14  0:30  Supply Depot  
  14  0:41  SCV  
  14  0:42  Refinery  
  15  0:53  SCV  
  15  0:55  Barracks  
  16  1:05  Supply Depot  
  16  1:09  SCV  
  17  1:21  SCV  
  18  1:44  Bunker  
  18  1:46  Marine  
  19  1:50  SCV  
  19  1:52  Refinery  
  20  2:02  SCV  
  20  2:03  Marine  
  22  2:14  SCV  
  23  2:21  Marine  
  24  2:24  Engineering Bay  
  24  2:26  SCV  
  25  2:38  SCV  
  26  2:53  Barracks  
  26  3:05  Command Center  
  26  3:32  Factory  
  26  3:47  Marine  
  27  3:49  Barracks Tech Lab  
Show
View Real Time Build Order
Export as new Build Order

llllllllllll Zerg - Winner!

Build Orders: Hatch First, Zergling Baneling 

Get SALT Encoding   

  12  0:00  Drone  
  13  0:13  Overlord  
  13  0:16  Drone  
  14  0:31  Drone x2  
  16  0:47  Hatchery  
  16  0:49  Drone  
  16  0:53  Drone  
  17  0:57  Drone  
  17  0:59  Extractor  
  17  1:15  Spawning Pool  
  17  1:16  Drone  
  17  1:20  Drone  
  18  1:28  Drone  
  19  1:39  Overlord  
  19  2:01  Metabolic Boost  
  19  2:02  Queen  
  19  2:04  Queen  
  19  2:08  Zergling x2  
  24  2:13  Zergling x4  
  26  2:17  Zergling x2  
  26  2:20  Zergling x2  
  28  2:28  Baneling Nest  
  27  2:30  Drone  
  27  2:34  Zergling x2  
  29  2:37  Zergling x2  
  29  2:42  Zergling x2  
  31  2:48  Overlord  
  31  2:55  Overlord  
  31  3:01  Zergling x4  
  34  3:05  Zergling x2  
  34  3:08  Zergling x2  
  35  3:13  Zergling x2  
  35  3:17  Zergling x2  
  37  3:21  Zergling x4  
  37  3:25  Zergling x2  
  40  3:33  Baneling x5  
  40  3:35  Baneling  
  40  3:36  Baneling  
  40  3:38  Baneling  
  40  3:41  Baneling  
  40  3:46  Drone  
  40  3:47  Drone  
  42  3:50  Drone  
  42  3:53  Drone  
Tags
 
League
Bronze
Matchup
TvZ
Replay Pack
kreditionep1
Spawn Locations
Cross Positions
Add a new tag
Caveats
  • Supply blocks, unpowered buildings, or Contaminate may cause inaccurate times.
  • Supply counts are checked every 10 seconds.